 Dungeon Crawl Stone Soup version 0.27.1-1-g398f81649c (webtiles) character file.

Game seed: 12378169340637640762

28 pokedragonboy the Grave Robber (level 2, 0/15 HPs)
             Began as a Deep Elf Necromancer on Sept 11, 2021.
             Succumbed to an adder's poison
             ... on level 1 of the Dungeon.
             The game lasted 00:05:22 (1361 turns).

pokedragonboy the Grave Robber (DENe)               Turns: 1361, Time: 00:05:22

Health: 0/15       AC:  2    Str:  5    XL:     2   Next: 96%
Magic:  2/8        EV: 12    Int: 19    God:
Gold:   81         SH:  0    Dex: 15    Spells: 5/7 levels left

rFire    . . .     SeeInvis .   d - +0 dagger
rCold    . . .     Faith    .   (no shield)
rNeg     . . .     Spirit   .   a - +0 robe
rPois    .         Reflect  .   (no helmet)
rElec    .         Harm     .   (no cloak)
rCorr    .         Rampage  .   (no gloves)
Will     .....                  (no boots)
Stlth    ++........             (no amulet)
HPRegen  0.05/turn              (no ring)
MPRegen  0.11/turn              (no ring)

@: lethally poisoned (0 -> -3)
A: no striking features
a: no special abilities


You were on level 1 of the Dungeon.
You visited 1 branch of the dungeon, and saw 2 of its levels.

You collected 81 gold pieces.

Inventory:

Hand Weapons
 d - a +0 dagger (weapon)
Armour
 a - a +0 robe (worn)
 g - a +0 scale mail of willpower
Scrolls
 c - a scroll of brand weapon {unknown}
 f - a scroll of identify {unknown}
Potions
 b - a potion of brilliance {unknown}
 e - a potion of flight {unknown}


   Skills:
 + Level 2.5 Dodging
 - Level 3.0 Stealth
 + Level 3.4 Spellcasting
 * Level 5.5 Necromancy


You had 5 spell levels left.
You knew the following spells:

 Your Spells              Type           Power      Damage    Failure   Level
a - Pain                  Necr           96%        1d8       1%          1
b - Animate Skeleton      Necr           48%        N/A       1%          1

Your spell library contained the following spells:

 Spells                   Type           Power      Damage    Failure   Level
 Vampiric Draining        Necr           12%        2d7       4%          3
 Animate Dead             Necr           12%        N/A       16%         4
 Agony                    Necr           24%        N/A       38%         5


Dungeon Overview and Level Annotations

Branches:
Dungeon (2/15)

Altars:


Message History

Press: ? - help, Shift-Dir - straight line, f/p - adder
Aim: an adder (lightly wounded, chance to affect: 88%)
The adder barely resists.
The adder barely misses you. The adder closely misses you.
Casting: Pain (safe; 1% risk of failure)
Confirm with . or Enter, or press ? or * to list all spells.
Aiming: Pain (safe; 1% risk of failure)
Press: ? - help, Shift-Dir - straight line, f/p - adder
Aim: an adder (lightly wounded, chance to affect: 88%)
The adder barely resists.
There is a stone staircase leading up here.
The adder misses you. The adder bites you.
You are poisoned.
The adder poisons you!
You climb upwards.
You feel very sick.
There is a stone staircase leading down here.
Casting: Pain (safe; 1% risk of failure)
Confirm with . or Enter, or press ? or * to list all spells.
Aiming: Pain (safe; 1% risk of failure)
Press: ? - help, Shift-Dir - straight line, f - adder
Aim: an adder (lightly wounded, chance to affect: 88%)
The adder writhes in agony.
You feel sick. The adder completely misses you.
Casting: Pain (safe; 1% risk of failure)
Confirm with . or Enter, or press ? or * to list all spells.
Aiming: Pain (safe; 1% risk of failure)
Press: ? - help, Shift-Dir - straight line, f/p - adder
Aim: an adder (heavily wounded, chance to affect: 88%)
The adder writhes in agony.
* * * LOW HITPOINT WARNING * * *
You feel sick. The adder bites you.
* * * LOW HITPOINT WARNING * * *
Casting: Pain (safe; 1% risk of failure)
Confirm with . or Enter, or press ? or * to list all spells.
Aiming: Pain (safe; 1% risk of failure)
Press: ? - help, Shift-Dir - straight line, f/p - adder
Aim: an adder (almost dead, chance to affect: 88%)
The adder writhes in agony.
You kill the adder!
You die...

#....####..≈≈≈≈.≈≈≈≈≈.##.....##..
.........................#...##.#
#.###..............##...........#
#.# #........##................##
#.# #......#..##.##............#
#.###..............###.........#
#..##...#####..#.###P.........##
≈.......#####....#.............#
.#..>.#........>@#....#.###..#.##
.#.##....####....#.P..#.# #......
........#####....#....#.# #......
.##.....#........##...#.###......
.#[..............##.###..##......
.#...............#### ##.##......
.#...............### #.##.##.##
≈..................#####..#.##.##
.#....)..........#...............


There were no monsters in sight!

Vanquished Creatures
  An adder (D:1)
  A dart slug (D:1)
  3 endoplasms (D:1)
  2 giant cockroaches (D:1)
  A hobgoblin (D:1)
  2 quokkas (D:1)
  A ball python (D:1)
  2 bats (D:1)
  9 frilled lizards (D:1)
  A goblin (D:1)
  A kobold (D:1)
  2 rats (D:1)
  A toadstool (D:1)
27 creatures vanquished.

Vanquished Creatures (collateral kills)
  A dart slug (D:1)
1 creature vanquished.

Vanquished Creatures (others)
  7 plants (D:1)
  3 toadstools (D:1)
10 creatures vanquished.

Grand Total: 38 creatures vanquished

Notes
Turn   | Place    | Note
-------+----------+-------------------------------------------
     0 | D:1      | pokedragonboy the Deep Elf Necromancer began the quest for
                  | the Orb.
     0 | D:1      | Reached XP level 1. HP: 10/10 MP: 6/6
   202 | D:1      | Learned a level 1 spell: Animate Skeleton
   259 | D:1      | Reached skill level 5 in Necromancy
   580 | D:1      | Reached XP level 2. HP: 11/15 MP: 4/8
  1361 | D:1      | Succumbed to an adder's poison

Illustrated notes

Levels and vault maps discovered:
D:1:      ldierk_water_garden, layout_rooms, minivault_14, minmay_lizard_king
D:2:      layout_basic, basic_altar

Skill      XL: |  1  2 |
---------------+-------+-----
Necromancy     | 5 |  5.5
Stealth        | 3 |  3.0
Dodging        | |  2.5
Spellcasting   | |  3.4

Action                   || total
-------------------------++-------
Melee: Unarmed           ||     4
       Dagger            ||     4
 Cast: Pain              ||    43
       Animate Skeleton  ||     7
Armor: Robe              ||     1
Dodge: Dodged            ||     6
